 Dungeon Crawl Stone Soup version 0.24.0-123-gd5b16e6ec5 (webtiles) character file.

Game seed: 3397659116832609674, levelgen mode: deterministic

36 Chiseanne the Skirmisher (level 3, 0/30 HPs)
             Began as a Demonspawn Warper on Jan 10, 2020.
             Slain by an adder (3 damage)
             ... on level 3 of the Dungeon.
             The game lasted 00:01:20 (984 turns).

Chiseanne the Skirmisher (Demonspawn Warper)         Turns: 984, Time: 00:01:20

Health: 0/30       AC:  6    Str: 12    XL:     3   Next: 19%
Magic:  6/6        EV: 11    Int: 14    God:
Gold:   38         SH:  0    Dex: 12    Spells: 6/6 levels left

rFire    . . .     SeeInvis .   a - +2 dagger (venom)
rCold    . . .     Gourm    .   (no shield)
rNeg     . . .     Faith    .   b - +1 leather armour
rPois    .         Spirit   .   (no helmet)
rElec    .         Reflect  .   (no cloak)
rCorr    .         Harm     .   (no gloves)
MR       .....                  (no boots)
Stlth    +.........             (no amulet)
HPRegen  0.10/turn              (no ring)
MPRegen  0.10/turn              (no ring)

@: lethally poisoned (0 -> -3), hasted, very quick
A: yellow scales 1
a: no special abilities


You were on level 3 of the Dungeon.
You were not hungry.

You visited 1 branch of the dungeon, and saw 3 of its levels.

You collected 38 gold pieces.

Inventory:

Hand Weapons
 a - a +2 dagger of venom (weapon)
 s - a +0 falchion
Missiles
 c - 29 stones
 e - 5 boomerangs of dispersal (quivered)
 i - 20 bolts
Armour
 b - a +1 leather armour (worn)
Scrolls
 d - a scroll of blinking
 j - a scroll of teleportation
 m - a scroll of identify
Potions
 h - a potion of degeneration {unknown}
Comestibles
 f - 2 rations
 k - a chunk of flesh


   Skills:
 * Level 3.7 Fighting
 - Level 1.7 Long Blades
 - Level 0.8 Throwing
 - Level 0.8 Armour
 - Level 1.7 Dodging
 - Level 2.0 Spellcasting
   Level 2.6 Translocations


You had 6 spell levels left.
You didn't know any spells.
Your spell library contained the following spells:

 Spells                   Type           Power        Failure   Level  Hunger
 Blink                    Tloc           N/A          16%         2    ###....
 Shroud of Golubria       Chrm/Tloc      #.....       26%         2    ###....
 Gell's Gravitas          Tloc           #.........   30%         3    ####...
 Lesser Beckoning         Tloc           #.........   30%         3    ####...
 Teleport Other           Tloc           #.......     30%         3    ####...
 Passage of Golubria      Tloc           N/A          69%         4    #####..


Dungeon Overview and Level Annotations

Branches:
Dungeon (3/15)

Altars:


Innate Abilities, Weirdness & Mutations

You are partially covered in yellow scales. (AC +2)


Message History

Increase (S)trength, (I)ntelligence, or (D)exterity?
You feel stronger. The gnoll hits you with a +0 flail.
You climb downwards.
An adder comes into view.
There is a stone staircase leading up here.
The helpless adder fails to defend itself.
You hit the adder.
The adder is poisoned.
The adder is heavily wounded.
The gnoll hits you with a +0 flail!
* * * LOW HITPOINT WARNING * * *
The adder bites you.
* * * LOW HITPOINT WARNING * * *
You are lethally poisoned!
The adder poisons you!
* * * LOW HITPOINT WARNING * * *
You feel sick.
It was a potion of haste.
You feel yourself speed up. The adder bites you but does no damage.
The adder bites you.
You die...

######
#####>...#####
#.....Sg.....#
#.###@#<.#.###
#.#..# #.#..#
#.#..# #....#
####.# .# .#


You could see a gnoll and an adder.

Vanquished Creatures
  A gnoll (D:2)
  A worm (D:2)
  2 dart slugs (D:1)
  2 goblins (D:1)
  A hobgoblin (D:2)
  5 jackals (D:1)
  5 bats (D:1)
  2 frilled lizards (D:1)
19 creatures vanquished.

Notes
Turn   | Place    | Note
-------+----------+-------------------------------------------
     0 | D:1      | Chiseanne the Demonspawn Warper began the quest for the
                  | Orb.
     0 | D:1      | Reached XP level 1. HP: 16/16 MP: 3/3
   123 | D:1      | Gained mutation: You are partially covered in yellow
                  | scales. (AC +2) [demonic ancestry]
   123 | D:1      | Reached XP level 2. HP: 11/23 MP: 5/5
   422 | D:1      | Reached skill level 3 in Fighting
   978 | D:2      | Reached XP level 3. HP: 17/30 MP: 6/6
   984 | D:3      | Slain by an adder

Levels and vault maps discovered:
D:1:      dpeg_arrival_shelter, layout_rooms, minmay_misc_feat_nine_boxes
D:2:      layout_loops_ring
D:3:      layout_basic, nicolae_ru_path_of_blood, uniq_terence

Skill      XL: |  1  2 |
---------------+-------+-----
Fighting       | 3 |  3.7
Long Blades    | |  1.7
Throwing       | |  0.8
Armour         | |  0.8
Dodging        | |  1.7
Spellcasting   | |  2.0
Translocations | |  2.6

Action                   || total
-------------------------++-------
Melee: Falchion          ||    47
       Dagger            ||    13
  Use: Scroll            ||     4
       Potion            ||     1
 Stab: Sleeping          ||     1
Armor: Leather armour    ||    28
Dodge: Dodged            ||    47
       Rpst.: Falchion   ||    13
